 Dungeon Crawl Stone Soup version 0.21.1-1-g345015f (webtiles) character file.

9 glosham the Charlatan (level 2, 0/18 HPs)
             Began as a Kobold Artificer on May 16, 2018.
             Slain by an orc (5 damage)
             ... on level 3 of the Dungeon.
             The game lasted 00:02:07 (153 turns).

glosham the Charlatan (Kobold Artificer)             Turns: 153, Time: 00:02:08

Health: 0/18       AC:  3    Str:  9    XL:     2   Next: 20%
Magic:  4/4        EV: 14    Int: 12    God:
Gold:   25         SH:  0    Dex: 15    Spells: 1/1 levels left

rFire    . . .     SeeInvis .   a - +0 short sword
rCold    . . .     Gourm    .   (shield restricted)
rNeg     . . .     Faith    .   b - +0 leather armour
rPois    .         Spirit   .   (no helmet)
rElec    .         Reflect  .   (no cloak)
rCorr    .         Harm     .   (no gloves)
MR       .....                  (no boots)
Stlth    ++........             (no amulet)
HPRegen  0.06/turn              (no ring)
MPRegen  0.09/turn              (no ring)

@: no status effects
A: small, carnivore
a: no special abilities


You were on level 3 of the Dungeon.
You were not hungry.

You visited 1 branch of the dungeon, and saw 3 of its levels.

You collected 25 gold pieces.

Inventory:

Hand Weapons
 a - a +0 short sword (weapon)
Missiles
 g - 3 tomahawks of returning (quivered)
Armour
 b - a +0 leather armour (worn)
Wands
 c - a wand of flame (15)
 d - a wand of enslavement (14)
 e - a wand of random effects (15)
Scrolls
 h - a scroll of teleportation {unknown}
Comestibles
 f - a ration


   Skills:
 * Level 2.3 Fighting
 - Level 1.3 Short Blades
 - Level 2.4 Dodging
 - Level 1.3 Stealth
 - Level 3.6 Evocations


You had one spell level left.
You didn't know any spells.

Dungeon Overview and Level Annotations

Branches:
Dungeon (3/15)

Altars:


Innate Abilities, Weirdness & Mutations

You are small and have problems with some larger weapons.
You are carnivorous and can eat meat at any time.


Message History

Aiming: Enslavement
Press: ? - help, Shift-Dir - straight line, f - worm
Aim: a worm (chance to defeat MR: 65%)
The worm is charmed.
You hit the orc.
The orc is heavily wounded.
The orc hits you with a dagger.
You hit the orc but do no damage.
The orc is heavily wounded.
The orc hits you with a dagger.
You hit the orc.
You kill the orc!
You have reached level 2!
You hit the rat.
You kill the rat!
You closely miss the kobold. The kobold closely misses you.
You hit the kobold.
The kobold is moderately wounded.
The kobold hits you with a club.
You hit the kobold.
You kill the kobold!
Things that are here:
a club; a dagger An orc comes into view.
The orc shouts!
An orc comes into view. It is wielding a club.
You hit the orc but do no damage. The orc barely misses you.
Your worm bites the orc but does no damage.
An orc comes into view. It is wielding a hand axe.
You hit the orc.
The orc is moderately wounded.
The orc hits you but does no damage.
You hit the orc but do no damage.
The orc is moderately wounded.
The orc hits you.
Your worm closely misses the orc.
An orc comes into view. It is wielding a mace.
You hit the orc.
The orc is severely wounded.
The orc hits you.
You die...

#... ....
##+####.#'####....
#.....#.#.#.......
#.....#.#.#.......
#.....#.#.#..r..
#.....#.#.#...
#o#.....#)#.#K#
#..o.w....#o..##
#...oo@...#....#######
#.........'.........<##
#........##............
#......................
#........#.............
#........#.............
#........#.....########
#........#.##### #.


You could see 4 orcs and a friendly worm.

Vanquished Creatures
  An orc (D:3)
  2 goblins (D:1)
  A quokka (D:3)
  A bat (D:3)
  2 kobolds
  A rat (D:3)
8 creatures vanquished.

Notes
Turn   | Place    | Note
-------+----------+-------------------------------------------
     0 | D:1      | glosham the Kobold Artificer began the quest for the Orb.
     0 | D:1      | Reached XP level 1. HP: 12/12 MP: 3/3
   119 | D:3      | Reached skill level 2 in Fighting
   140 | D:3      | Reached XP level 2. HP: 10/17 MP: 4/4
   153 | D:3      | Slain by an orc

Skill      XL: |  1 |
---------------+----+-----
Fighting       | 2 |  2.3
Short Blades   | |  1.3
Dodging        | |  2.4
Stealth        | |  1.3
Evocations     | |  3.6

Action                   || total
-------------------------++-------
Melee: Short sword       ||    25
Evoke: Wand              ||     1
 Stab: Sleeping          ||     3
Armor: Leather armour    ||     4
Dodge: Dodged            ||     8

Table legend:
 A = Turns spent in this place as a percentage of turns spent in the entire game.
 B = Non-inter-level travel turns spent in this place as a percentage of non-inter-level travel turns spent in the entire game.
 C = Inter-level travel turns spent in this place as a percentage of turns spent in this place.
 D = Turns resting spent in this place as a percentage of non-inter-level travel turns spent in this place.
 E = Turns spent auto-exploring this place as a percentage of non-inter-level travel turns spent in this place.
 F = Non-inter-level travel turns spent in this place divided by the number of levels of this place that you've seen.
                   A       B       C       D       E      F
               +-------+-------+-------+-------+-------+----------------------
         Total | 100.0 | 100.0 |   0.0 |   0.0 |   0.0 |  51.0
       Dungeon | 100.0 | 100.0 |   0.0 |   0.0 |   0.0 |  51.0
               +-------+-------+-------+-------+-------+----------------------

Table legend:
 A = Kills in this place as a percentage of kills in entire the game.
 B = Kills by you in this place as a percentage of kills by you in the entire game.
 C = Kills by friends in this place as a percentage of kills by friends in the entire game.
 D = Other kills in this place as a percentage of other kills in the entire game.
 E = Experience gained in this place as a percentage of experience gained in the entire game.
 F = Experience gained in this place divided by the number of levels of this place that you have seen.
                   A       B       C       D       E      F
               +-------+-------+-------+-------+-------+----------------------
         Total | 100.0 | 100.0 |   N/A |   N/A | 100.0 |   4.3
       Dungeon | 100.0 | 100.0 |   N/A |   N/A | 100.0 |   4.3
               +-------+-------+-------+-------+-------+----------------------

Vault maps used:
D:1:      dpeg_arrival_tiny_f
D:2:      kennysheep_six_static_rooms, old_standard_altar, uniq_robin
